 Dungeon Crawl Stone Soup version 0.30.1 (webtiles) character file.

Game seed: 10495717774638683981

65 wingedge the Gusty (level 3, -2/39 HPs)
             Began as a Demigod Wanderer on July 6, 2023.
             Succumbed to their own poison gas
             ... in a sewer.
             The game lasted 00:06:22 (1912 turns).

wingedge the Gusty (Demigod Wanderer)               Turns: 1912, Time: 00:06:23

Health: -2/39      AC:  4    Str: 11    XL:     3   Next: 66%
Magic:  4/8        EV: 12    Int: 22    God:
Gold:   17         SH:  0    Dex: 11    Spells: 2/6 levels left

rFire   . . .        a - +0 trident
rCold   . . .        s - orb {light}
rNeg    . . .        c - +0 robe
rPois   .            (no helmet)
rElec   .            (no cloak)
rCorr   .            n - +0 pair of gloves
SInv    .            d - +0 pair of boots
Will    .....        (no amulet) Stlth
                     (no ring)
HPRegen 0.26/turn    (no ring)
MPRegen 0.11/turn

%: no passive effects
@: berserking (expiring), lethally poisoned (-2 -> -19), slowed, glowing
A: high MP 1, forlorn, divine attributes
a: no special abilities


You were in a sewer.
You visited 1 branch of the dungeon, and saw 3 of its levels.
You also visited: Sewer.

You collected 17 gold pieces.

Inventory:

Hand Weapons
 a - a +0 trident (weapon)
 h - a +0 short sword of holy wrath
 l - a +0 club
Armour
 c - a +0 robe (worn)
 d - a +0 pair of boots (worn)
 j - a +0 leather armour
 n - a +0 pair of gloves (worn)
 s - an orb of light (worn)
Scrolls
 b - a scroll of fear
 e - a scroll of brand weapon
 f - a scroll of identify
 k - a scroll of amnesia
 p - 3 scrolls of immolation
Potions
 g - a potion of berserk rage
 i - a potion of curing {unknown}
 o - a potion of cancellation {unknown}
 q - a potion of ambrosia {unknown}
 r - a potion of lignification {unknown}


   Skills:
 - Level 1.0 Throwing
 - Level 1.7 Dodging
 + Level 2.1 Spellcasting
 + Level 2.3 Conjurations
 + Level 1.6 Summonings
 - Level 3.0 Air Magic
 - Level 1.0 Evocations


You had 2 spell levels left.
You knew the following spells:

 Your Spells              Type           Power      Damage    Failure   Level
a - Shock                 Conj/Air       56%        1d6       4%          1
b - Summon Small Mammal   Summ           36%        N/A       7%          1
c - Static Discharge      Conj/Air       28%        2-4/arc   7%          2

Your spell library contained the following spells:

 Spells                   Type           Power      Damage    Failure   Level
 Call Canine Familiar     Summ           9%         N/A       22%         3
 Airstrike                Air            7%         2d(2-18)  36%         4


Dungeon Overview and Level Annotations

Branches:
Dungeon (3/15)              Sewer (1/1)


Innate Abilities, Weirdness & Mutations

You have an increased reservoir of magic. (+10% MP)
You shall have no god before yourself.
Your divine heritage dramatically boosts your attributes as you level up.


Message History

The kobold brigand is lightly wounded.
You feel sick.
The kobold brigand throws a curare-tipped dart.
The curare-tipped dart hits you.
You are more poisoned.
You have difficulty breathing.
You feel as though you will be slow longer.
Casting: Shock (safe; 4% risk of failure)
Confirm with . or Enter, or press ? or * to list all spells.
Aiming: Shock (safe; 4% risk of failure)
Press: ? - help, Shift-Dir - straight line, f/p - kobold brigand
Aim: a kobold brigand, wielding a +0 short sword and quivering curare-tipped darts (lightly wounded, 64% to hit)
The zap misses the kobold brigand.
You feel very sick.
Casting: Shock (safe; 4% risk of failure)
Confirm with . or Enter, or press ? or * to list all spells.
Aiming: Shock (safe; 4% risk of failure)
Press: ? - help, Shift-Dir - straight line, f/p - kobold brigand
Aim: a kobold brigand, wielding a +0 short sword and quivering curare-tipped darts (lightly wounded, 64% to hit)
The zap hits the kobold brigand.
The kobold brigand is moderately wounded.
You feel sick.
Casting: Shock (safe; 4% risk of failure)
Confirm with . or Enter, or press ? or * to list all spells.
Aiming: Shock (safe; 4% risk of failure)
Press: ? - help, Shift-Dir - straight line, f/p - kobold brigand
Aim: a kobold brigand, wielding a +0 short sword and quivering curare-tipped darts (moderately wounded, 64% to hit)
The zap hits the kobold brigand.
The kobold brigand is moderately wounded.
You feel sick.
It was a potion of berserk rage.
A red film seems to cover your vision as you go berserk!
You feel yourself moving faster!
You feel mighty!
You feel sick.
Really walk into that cloud of poison gas?
Found a bubbling inky potion.
You feel a strong urge to attack something.
You are engulfed in poison gas.
You are lethally poisoned!
* * * LOW HITPOINT WARNING * * *
You die...

#≈≈....#~#..#
##...∩∩.P...##
#○§.......###
#§§.#######
#○.☼~~~~~~~
#§§○#######
#§§○§§○##
##○§§~○§##
#§§§○@☼○#
#§§§.§○○☼○#
#§§.○#§#§§○○#
#○§§§○#K# ○§§~
#°P§☼§#○# °○.
#☼P§°~#~# P.
#.PP○§#!# #
#.~### ##


You could see a kobold brigand.

Vanquished Creatures
  An adder (D:3)
  A river rat (Sewer)
  3 worms
  An endoplasm (D:1)
  A giant cockroach (D:1)
  3 goblins
  3 hobgoblins (D:1)
  4 jackals
  A kobold (D:1)
  2 quokkas
  7 ball pythons
  2 bats (D:1)
  2 frilled lizards
  2 rats (D:3)
33 creatures vanquished.

Vanquished Creatures (collateral kills)
  A hobgoblin (D:1)
  A jackal (D:3)
  2 rats (D:3)
4 creatures vanquished.

Grand Total: 37 creatures vanquished

Notes
Turn   | Place    | Note
-------+----------+-------------------------------------------
     0 | D:1      | wingedge the Demigod Wanderer began the quest for the Orb.
     0 | D:1      | wingedge set off with the following items: a +0 club, a
                  | scroll of fear, a +0 robe, a +0 pair of boots; and the
                  | following spells available to memorise: Shock, Summon Small
                  | Mammal, Static Discharge, Call Canine Familiar, Airstrike.
     0 | D:1      | Reached XP level 1. HP: 14/14 MP: 5/5
     2 | D:1      | Learned a level 1 spell: Shock
     4 | D:1      | Learned a level 1 spell: Summon Small Mammal
   362 | D:1      | Reached skill level 1 in Conjurations
   555 | D:1      | Reached XP level 2. HP: 20/20 MP: 4/7
   964 | D:1      | Learned a level 2 spell: Static Discharge
  1508 | D:3      | Reached XP level 3. HP: 20/26 MP: 3/8
  1749 | D:3      | Found a glowing drain.
  1798 | Sewer    | Entered a sewer
  1877 | Sewer    | Reached skill level 3 in Air Magic
  1904 | Sewer    | Noticed a kobold brigand
  1912 | Sewer    | Succumbed to their own poison gas

Illustrated notes

Levels and vault maps discovered:
D:1:      tarquinn_simple_flora_water_f, layout_basic
D:2:      layout_loops_ring, kennysheep_generic_room_3
D:3:      layout_rooms, nemelex_spade_bored_becter, lemuel_crystal_altar,
          xom_butterflies, cheibrodos_sewer_entry_bend
Sewer:    sewer_co_scattered_pipes

Skill      XL: |  1  2  3 |
---------------+----------+-----
Conjurations   | 1 2 |  2.3
Spellcasting   | 2 |  2.1
Air Magic      | 3 |  3.0
Throwing       | |  1.0
Dodging        | |  1.7
Summonings     | |  1.6
Evocations     | |  1.0

Action                     || total
---------------------------++-------
  Melee: Club              ||    11
         Trident           ||     9
   Cast: Shock             ||    89
         Summon Small Mamm ||     9
    Use: Scroll            ||     7
         Potion            ||     1
   Stab: Sleeping          ||     1
 Armour: Robe              ||    22
  Dodge: Dodged            ||    38
